 Dungeon Crawl Stone Soup version 0.17.0-27-g4a3f43e (webtiles) character file.

51 homeworkjunkie the Sneak (level 3, 0/18 HPs)
             Began as a Spriggan Assassin on Nov 21, 2015.
             Succumbed to poison (a potion of poison)
             ... on level 2 of the Dungeon.
             The game lasted 00:03:22 (2106 turns).

homeworkjunkie the Sneak (Spriggan Assassin)        Turns: 2106, Time: 00:03:22

Health: 0/18       AC:  3    Str:  7      XL:     3   Next: 58%
Magic:  1/1        EV: 17    Int: 13 (17) God:
Gold:   93         SH:  0    Dex: 18      Spells: 0 memorised, 2 levels left

rFire  . . .     SeeInvis +     a - +2 dagger (antimagic)
rCold  . . .     Clarity  .     c - +0 robe
rNeg   . . .     SustAt   .     (shield restricted)
rPois  .         Gourm    .     (helmet restricted)
rElec  .         Spirit   .     d - +0 cloak
rCorr  .         Warding  .     (gloves unavailable)
rMut   .         Stasis   .     (boots unavailable)
MR     .....                    (no amulet)
Stlth  ++++......               (no ring)
                                (no ring)

@: brilliant, lethally poisoned (0 -> -19), very slightly contaminated,
invisible, very quick, not resistant to hostile enchantments, stealthy
A: unfitting armour, see invisible, herbivore 3, speed 3, slow metabolism 2
a: no special abilities


You were on level 2 of the Dungeon.
You were not hungry.

You visited 1 branch of the dungeon, and saw 3 of its levels.

You collected 93 gold pieces.

Inventory:

Hand Weapons
 a - a +2 antimagic dagger (weapon)
 b - a +0 blowgun
Missiles
 e - 8 poisoned needles
 f - 2 curare-tipped needles
 i - 17 sling bullets
Armour
 c - a +0 robe (worn)
 d - a +0 cloak (worn)
Scrolls
 h - 2 scrolls of remove curse
 l - a scroll of fog {unknown}
 m - a scroll of identify {unknown}
Potions
 k - 2 potions of invisibility
Comestibles
 g - a bread ration


   Skills:
 * Level 1.9 Fighting
 * Level 2.7 Short Blades
 * Level 2.2 Throwing
 * Level 2.2 Dodging
 * Level 6.9 Stealth


You had 2 spell levels left.
You didn't know any spells.

Dungeon Overview and Level Annotations

Branches:
Dungeon (3/15)

Altars:
Ashenzari
Kikubaaqudgha
Makhleb
Yredelemnul
Zin


Innate Abilities, Weirdness & Mutations

You are tiny and cannot use many weapons and most armour.
You have supernaturally acute eyesight.
You are a herbivore.
You cover ground extremely quickly.
You need consume almost no food.


Message History

Drink which item? (? for menu, Esc to quit)
It was a potion of brilliance.
You feel clever all of a sudden.
* * * LOW HITPOINT WARNING * * *
You feel sick.
Drink which item? (? for menu, Esc to quit)
It was a potion of invisibility.
You fade into invisibility!
You are very lightly contaminated with residual magic.
Drink which item? (? for menu, Esc to quit)
It was a potion of poison.
That liquid tasted very nasty...
You are more poisoned.
* * * LOW HITPOINT WARNING * * *
You feel sick.
* * * LOW HITPOINT WARNING * * *
You feel sick.
You see here a kobold corpse.
* * * LOW HITPOINT WARNING * * *
You feel sick.
You die...

........# ........# ##
........# ... ######### ###
##..P ..# ###+#.. .P..P ..#
#.....##PPPP♣ ..#
#.........P♣♣ ..#
#...........P ..#
#....@.......
..##########............
........ ......††.......
......# ####..#.........
......# ##.#..........
......# ######..#########. ##
......# #...##..####...##.##
#. ......#
♣.♣.##..##..._.....# #.
......###.#.##...#._.......##
##.


There were no monsters in sight!

Vanquished Creatures
  2 adders (D:2)
  An ooze (D:1)
  A giant cockroach (D:2)
  4 hobgoblins
  3 kobolds
  3 bats (D:1)
  3 giant newts
  11 goblins
  3 rats
31 creatures vanquished.

Notes
Turn   | Place    | Note
--------------------------------------------------------------
     0 | D:1      | homeworkjunkie the Spriggan Assassin began the quest for the Orb.
     0 | D:1      | Reached XP level 1. HP: 10/10 MP: 2/2
    61 | D:1      | Reached skill level 6 in Stealth
   146 | D:2      | Reached XP level 2. HP: 5/14 MP: 0/3
  1513 | D:1      | Reached XP level 3. HP: 12/18 MP: 1/4
  2024 | D:2      | Found a burning altar of Makhleb.
  2027 | D:2      | Found a glowing silver altar of Zin.
  2027 | D:2      | Found a basalt altar of Yredelemnul.
  2029 | D:2      | Found a shattered altar of Ashenzari.
  2029 | D:2      | Found an ancient bone altar of Kikubaaqudgha.
  2106 | D:2      | Succumbed to poison (a potion of poison)

Action                   || total
-------------------------++-------
Melee: Dagger            ||    88
 Fire: Blowgun           ||     2
  Use: Potion            ||     4
       Scroll            ||     1
 Stab: Sleeping          ||     8
